 Dungeon Crawl Stone Soup version 0.29.1-1-gd02db6906a (webtiles) character file.

Game seed: 16735120741686215496

5398 lonewolfV2 the Fighter (level 10, -3/83 HPs)
             Began as a Demonspawn Berserker on Oct 16, 2022.
             Was a Priest of Trog.
             Slain by a ten-headed hydra (5 damage)
             ... on level 9 of the Dungeon.
             The game lasted 00:21:36 (12494 turns).

lonewolfV2 the Fighter (Demonspawn Berserker)      Turns: 12494, Time: 00:21:37

Health: -3/83      AC:  9    Str: 27    XL:     10   Next: 40%
Magic:  0/10       EV: 17    Int: 13    God:    Trog [***...]
Gold:   303        SH:  0    Dex: 12    Spells: 9/9 levels left

rFire   + . .      SeeInvis .   y - +10 great sword "Killer Klown's Curse" {venom, Str+6 Int+3}
rCold   . . .      Faith    .   (shield currently unavailable)
rNeg    . . .      Spirit   +   b - +0 animal skin
rPois   .          Reflect  .   (no helmet)
rElec   .          Harm     .   (no cloak)
rCorr   .          Rampage  .   h - +2 pair of gloves
Will    .....                   (no boots)
Stlth   +.........              k - amulet of guardian spirit
HPRegen 0.23/turn               m - ring of protection from fire
MPRegen 0.12/turn               A - +4 ring of protection

@: on berserk cooldown, slowed, very slow
A: repulsion field 2, spiny 1, condensation shield, weakness stinger 1
a: Renounce Religion, Berserk, Trog's Hand


You were on level 9 of the Dungeon.
You worshipped Trog.
Trog was most pleased with you.
You visited 1 branch of the dungeon, and saw 11 of its levels.

You collected 303 gold pieces.

Inventory:

Hand Weapons
 x - a +5 hand axe of freezing
 y - the +10 great sword "Killer Klown's Curse" (weapon) {venom, Str+6 Int+3}
   (You found it on level 7 of the Dungeon)

   It poisons the flesh of those it strikes.
   Str:       It affects your strength (+6).
   Int:       It affects your intelligence (+3).
Missiles
 w - a throwing net (quivered)
Armour
 b - a +0 animal skin (worn)
 h - a +2 pair of gloves (worn)
Jewellery
 k - an amulet of guardian spirit (around neck)
 m - a ring of protection from fire (left hand)
 A - a +4 ring of protection (right hand)
Wands
 u - a wand of quicksilver (14)
Scrolls
 a - a scroll of fog {unknown}
 e - a scroll of blinking
 j - 4 scrolls of amnesia
 r - a scroll of teleportation
 v - a scroll of identify
Potions
 c - 5 potions of heal wounds
 d - 2 potions of brilliance
 f - 4 potions of curing
 g - 2 potions of invisibility
 i - 3 potions of mutation
 l - 4 potions of lignification
 n - 5 potions of degeneration
 o - a potion of berserk rage
 p - a potion of flight {unknown}
 q - 3 potions of might
 s - a potion of resistance
 t - 2 potions of attraction


   Skills:
 * Level 9.3 Fighting
 * Level 4.5 Long Blades
 - Level 6.0 Axes
 + Level 6.3 Armour
 * Level 7.3 Dodging


You had 9 spell levels left.
You didn't know any spells.
Your spell library was empty.

Dungeon Overview and Level Annotations

Branches:
Dungeon (11/15)            Temple (0/1) D:6
   Lair: D:8-11         Orc: D:9-12

Altars:
Dithmenos
Fedhas
Xom

Shops:
D:4 *   D:7 [   D:10 :

Annotations:
D:1 1 transporter


Innate Abilities, Weirdness & Mutations

You are surrounded by a moderate repulsion field. (EV +3)
You are partially covered in sharp spines.
A meltable shield of frost defends you. (SH +0)
You have a small tail.


Message History

The nine-headed hydra is moderately wounded.
The nine-headed hydra bites you but does no damage.
The nine-headed hydra bites you! The nine-headed hydra bites you.
The nine-headed hydra bites you but does no damage.
The nine-headed hydra completely misses you.
The nine-headed hydra bites you!
The nine-headed hydra closely misses you.
The nine-headed hydra bites you but does no damage.
The nine-headed hydra completely misses you.
You hack one of the nine-headed hydra's heads off!
The eight-headed hydra grows two more!
You slice the ten-headed hydra!!
The ten-headed hydra is heavily wounded.
The ten-headed hydra is struck by your spines.
The ten-headed hydra bites you but does no damage.
The ten-headed hydra bites you. The ten-headed hydra barely misses you.
The ten-headed hydra closely misses you.
The ten-headed hydra bites you!
* * * LOW HITPOINT WARNING * * *
The ten-headed hydra completely misses you.
The ten-headed hydra closely misses you.
The ten-headed hydra bites you!
* * * LOW HITPOINT WARNING * * *
The ten-headed hydra completely misses you.
The ten-headed hydra bites you.
* * * LOW HITPOINT WARNING * * *
You are too berserk!
You are too berserk!
You feel a strong urge to attack something.
You are no longer berserk.
You are exhausted.
You feel yourself slow down.
The death knight offers itself to Yredelemnul, and fills with unholy energy.
The ten-headed hydra bites you.
* * * LOW HITPOINT WARNING * * *
The ten-headed hydra bites you.
* * * LOW HITPOINT WARNING * * *
The ten-headed hydra bites you.
* * * LOW HITPOINT WARNING * * *
The ten-headed hydra bites you.
You die...

#..#..#..#
#..#..#..#
#. #..#..#
#..##.#
#..##.#
#..#..#
#..#..#
##''####
#...@##
#.####D#
#.#)(#O# #
#[)#c#
#++#.#
#DC#.#
#D.#p#
#pu#.#
#.O#†#


You could see a death knight (reflects damage), a ten-headed hydra, a two-headed
ogre and a centaur.

Vanquished Creatures
  A two-headed ogre (D:9)
  Pikel (D:8)
  An ugly thing (D:9)
  An unseen horror (D:10)
  Maggie (D:8)
  Sigmund (D:5)
  A wraith (D:10)
  Duvessa (D:5)
  2 sky beasts (D:7)
  3 black bears
  2 orc warriors (D:8)
  An ogre (D:7)
  2 centaurs
  4 lemures (D:8)
  2 phantoms
  A kobold brigand (D:9)
  2 bullfrogs
  Blork the orc (D:5)
  A necrophage (D:5)
  2 scorpions
  5 wights (D:7)
  Dowan (D:5)
  8 killer bees
  3 howler monkeys
  7 hounds
  A jelly (D:7)
  A gnoll bouda (D:7)
  4 orc priests
  3 iguanas
  5 orc wizards
  A gnoll (D:3)
  9 adders
  A shadow imp (D:7)
  A white imp (D:7)
  2 worms
  2 dart slugs
  19 orcs
  4 ball pythons
  7 bats
  5 endoplasms
  4 giant cockroaches
  10 goblins
  8 hobgoblins
  6 kobolds
  A quokka (D:2)
  5 frilled lizards
  8 rats
162 creatures vanquished.

Vanquished Creatures (others)
  2 plants (D:1)
2 creatures vanquished.

Grand Total: 164 creatures vanquished

Notes
Turn   | Place    | Note
-------+----------+-------------------------------------------
     0 | D:1      | lonewolfV2 the Demonspawn Berserker began the quest for the
                  | Orb.
     0 | D:1      | Reached XP level 1. HP: 18/18 MP: 1/1
   200 | D:1      | Gained mutation: You have a small tail. [demonic ancestry]
   200 | D:1      | Reached XP level 2. HP: 10/24 MP: 2/2
   567 | D:1      | Found a faded altar of an unknown god.
  1280 | D:1      | Reached ** piety under Trog
  1352 | D:1      | Gained mutation: A meltable shield of frost defends you.
                  | (SH +0) [demonic ancestry]
  1352 | D:1      | Reached XP level 3. HP: 29/29 MP: 3/3
  1791 | D:2      | Identified the +5 dagger of Imbalance {vorpal, Fly Int+4
                  | Dex-5 Stlth+}
  2332 | D:3      | Reached XP level 4. HP: 35/35 MP: 4/4
  3234 | D:3      | Found a shadowy altar of Dithmenos.
  3301 | D:3      | Gained mutation: You are surrounded by a mild repulsion
                  | field. (EV +2) [demonic ancestry]
  3301 | D:3      | Reached XP level 5. HP: 24/42 MP: 0/5
  3842 | D:3      | Reached skill level 4 in Fighting
  3994 | D:4      | Noticed a phantom
  4005 | D:4      | Killed a phantom
  4006 | D:4      | Reached XP level 6. HP: 48/48 MP: 4/6
  4823 | D:4      | Found Sabotroywk's Neck Hole.
  5516 | D:5      | Entered Level 5 of the Dungeon
  5533 | D:5      | Noticed Sigmund
  5556 | D:5      | Killed Sigmund
  5557 | D:5      | Reached skill level 5 in Fighting
  5557 | D:5      | Reached XP level 7. HP: 39/56 MP: 4/7
  5659 | D:5      | Noticed Duvessa
  5661 | D:5      | Noticed Dowan
  5675 | D:5      | Killed Duvessa
  5682 | D:5      | Killed Dowan
  6078 | D:5      | Reached *** piety under Trog
  6181 | D:5      | Noticed Blork the orc
  6193 | D:5      | Killed Blork the orc
  6705 | D:5      | Reached skill level 6 in Fighting
  6705 | D:5      | Gained mutation: You are surrounded by a moderate repulsion
                  | field. (EV +3) [demonic ancestry]
  6705 | D:5      | Reached XP level 8. HP: 61/64 MP: 6/8
  7399 | D:6      | HP: 1/96 [black bear (8)]
  7401 | D:6      | Reached skill level 5 in Axes
  7761 | D:6      | Found a shimmering altar of Xom.
  7770 | D:6      | Found a blossoming altar of Fedhas.
  8086 | D:6      | Found a staircase to the Ecumenical Temple.
  8894 | D:7      | Reached skill level 7 in Fighting
  8894 | D:7      | Reached skill level 5 in Armour
  8894 | D:7      | Reached skill level 5 in Dodging
  9320 | D:7      | Reached XP level 9. HP: 25/72 MP: 6/9
  9693 | D:7      | Found Ethobbag's Armour Emporium.
  9878 | D:7      | Identified the +10 great sword "Killer Klown's Curse"
                  | {venom, Str+6 Int+3}
 10142 | D:7      | Reached skill level 1 in Long Blades
 10830 | D:8      | Reached skill level 8 in Fighting
 11217 | D:8      | Noticed Maggie
 11235 | D:8      | Killed Maggie
 11411 | D:8      | Noticed Pikel
 11428 | D:8      | Killed Pikel
 11575 | D:8      | You fall into a shaft and drop 3 floors!
 11908 | D:10     | Entered Level 10 of the Dungeon
 11921 | D:10     | Gained mutation: You are partially covered in sharp spines.
                  | [demonic ancestry]
 11921 | D:10     | Reached XP level 10. HP: 74/82 MP: 8/10
 11936 | D:10     | Reached **** piety under Trog
 12212 | D:10     | Found Cidweifemp's Book Shop.
 12294 | D:9      | Noticed a two-headed ogre
 12301 | D:9      | Killed a two-headed ogre
 12302 | D:9      | Reached skill level 9 in Fighting
 12472 | D:9      | Noticed a six-headed hydra
 12472 | D:9      | Noticed a cyclops
 12472 | D:9      | Noticed a death knight
 12472 | D:9      | Noticed a red ugly thing
 12472 | D:9      | Noticed a two-headed ogre
 12483 | D:9      | Killed a red ugly thing
 12494 | D:9      | HP: 2/83 [ten-headed hydra (3)]
 12494 | D:9      | Slain by a ten-headed hydra

Illustrated notes

Levels and vault maps discovered:
D:1:      spicycebolla_arrival_risky_transporter, layout_basic,
          shapermc_ecumenical_altar_ellora, serial_forest,
          infiniplex_forest_lined_2, infiniplex_forest_lined_2,
          infiniplex_forest_diagonal, infiniplex_forest_corner_1,
          infiniplex_forest_straight_2, infiniplex_forest_clump_curved,
          infiniplex_forest_clump_long, minmay_crystal_water,
          serial_bayou_ford_a, minmay_pentomino_r2
D:2:      minmay_spotlight, layout_basic
D:3:      layout_basic, grunt_dithmenos_smoke, cheibrodos_gnoll_hut
D:4:      layout_basic, minivault_23, nicolae_shop_sticking_my_neck_out
D:5:      layout_gridville, roderic_lattice_a, uniq_blork_the_orc, uniq_duvessa,
          uniq_sigmund
D:6:      layout_gridville, mainiacjoe_overflow_large_starburst,
          minmay_temple_entry_offerings
D:7:      layout_loops_ring, serial_shops,
          nicolae_shop_temple_entry_statues_fountains, grunt_decor_cap,
          nrook_loot_triangle, hex_medium, minmay_circle_x
D:8:      layout_basic, serial_curves, eino_curves_04, eino_curves_01,
          uniq_maurice, uniq_pikel, uniq_joseph, uniq_maggie
D:9:      layout_roguey, old_standard_altar, serial_demonic, serial_demonic_f,
          serial_demonic_d, serial_demonic_d, serial_demonic_e,
          minmay_misc_feat_encased, wad_scary_box
D:10:     layout_basic, serial_shops, shop_fountains, nicolae_shop_trees,
          kennysheep_little_box, nicolae_shop_advertising_works
          [nicolae_subvault_shop_adworks]
D:11:     layout_roguey, david_lair_generic, serial_shops,
          nicolae_stop_n_shop_1, uniq_lodul

Skill      XL: |  1  2  3  4  5  6  7  8  9 10 |
---------------+-------------------------------+-----
Dodging        | 2 3 4 5 6 7 |  7.3
Armour         | 2 3 4 5 6 |  6.3
Axes           | 3 4 5 6 |  6.0
Fighting       | 4 5 6 7 8 9 |  9.3
Long Blades    | 3 4 |  4.5

Action                   |  1- 3 |  4- 6 |  7- 9 | 10-12 || total
-------------------------+-------+-------+-------+-------++-------
Melee: Hand axe          |   131 |   167 |    64 |       ||   362
       Tailslap          |    14 |    17 |    43 |     2 ||    76
       Punch             |       |     1 |     4 |       ||     5
       War axe           |       |       |   113 |       ||   113
       Great sword       |       |       |    75 |    26 ||   101
Invok: Berserk           |       |     2 |     3 |     2 ||     7
       Trog's Hand       |       |     1 |     2 |       ||     3
  Use: Scroll            |     9 |     5 |     6 |       ||    20
       Potion            |       |       |     1 |       ||     1
 Stab: Sleeping          |     1 |     2 |       |       ||     3
Armor: Animal skin       |    74 |    36 |    52 |    13 ||   175
Dodge: Dodged            |   112 |   109 |   249 |    45 ||   515
Block: Other             |    16 |    32 |    55 |     4 ||   107
